 Dungeon Crawl Stone Soup version 0.29.1-1-gd02db6906a (webtiles) character file.

Game seed: 3162602898389592716

20701 RascalDebosk the Thaumaturge (level 13, -16/99 HPs)
             Began as a Djinni Conjurer on Oct 22, 2022.
             Was an Initiate of Ashenzari.
             Demolished by a large slime creature (31 damage)
             ... on level 12 of the Dungeon.
             The game lasted 01:47:32 (18025 turns).

RascalDebosk the Thaumaturge (Djinni Conjurer)     Turns: 18025, Time: 01:47:32

Health: -16/99     AC: 11    Str:  6    XL:     13   Next: 14%
Gold:   837        EV: 12    Int: 24    God:    Ashenzari [......] SH:  5 Dex: 13

rFire   + + .      SeeInvis .   a - +1 scimitar (flame)
rCold   x . .      Faith    .   (no shield)
rNeg    . . .      Spirit   .   j - +0 acid dragon scales
rPois   ∞          Reflect  +   s - +2 hat
rElec   .          Harm     .   p - +0 cloak
rCorr   +          Rampage  .   y - +0 pair of gloves
Will    +....                   (boots unavailable)
Stlth   ++........              c - amulet of reflection
HPRegen 0.26/turn               w - ring of wizardry
MPRegen 0.00/turn               (no ring)

@: flying
A: sickness immunity, fire resistance 2, cold vulnerability 1, float, innate
caster, HP casting, extra vitality 1
a: Renounce Religion, Curse Item


You were on level 12 of the Dungeon.
You worshipped Ashenzari.
Ashenzari was noncommittal.
You visited 2 branches of the dungeon, and saw 13 of its levels.

You collected 837 gold pieces.

Inventory:

Hand Weapons
 a - a +1 scimitar of flaming (weapon)
 k - a +3 vampiric long sword
 D - a +3 falchion
Armour
 j - +0 acid dragon scales (worn)
 p - a +0 cloak (worn)
 s - a +2 hat (worn)
 y - a +0 pair of gloves (worn)
Jewellery
 c - an amulet of reflection (around neck)
 i - the ring "Jacizxye" {Fire Str+4}
   (You found it on level 12 of the Dungeon)

   [ring of fire]

   It enhances your fire magic.
   Str:       It affects your strength (+4).
   rF:        It protects you from fire.
   rC:        It makes you vulnerable to cold.
 w - a ring of wizardry (left hand)
 E - a ring of ice
Wands
 n - a wand of charming (14)
 A - a wand of flame (5)
 G - a wand of light (6)
 I - a wand of iceblast (7)
Scrolls
 f - a scroll of fog
 g - a scroll of blinking
 l - 2 scrolls of poison
 o - a scroll of immolation
 t - 4 scrolls of teleportation
 K - a scroll of enchant armour
Potions
 b - 8 potions of curing
 d - a potion of might
 e - 3 potions of heal wounds
 h - 3 potions of degeneration
 m - 2 potions of haste
 q - 3 potions of mutation
 r - 2 potions of flight
 u - 2 potions of invisibility
 v - 2 potions of ambrosia
 z - a potion of attraction {unknown}
 B - 4 potions of brilliance
 F - 2 potions of berserk rage
 H - a potion of cancellation {unknown}
 J - 3 potions of lignification
Miscellaneous
 C - a lightning rod (4/4)


   Skills:
 + Level 11.0 Fighting
 - Level 5.0 Armour
 - Level 5.0 Dodging
 + Level 3.2 Stealth
 * Level 12.4 Spellcasting
 - Level 5.0 Evocations


You had 4 spell levels left.
You knew the following spells:

 Your Spells              Type           Power      Damage    Failure   Level
a - Magic Dart            Conj           100%       1d8       1%          1
b - Searing Ray           Conj           100%       2d8       1%          2
c - Dazzling Flash        Conj/Hex       100%       N/A       1%          3
d - Fulminant Prism       Conj/Hex       33%        3d16      1%          4
e - Iskenderun's Mystic   Conj/Tloc      66%        2d14      1%          4
f - Slow                  Hex            100%       N/A       1%          1
g - Static Discharge      Conj/Air       66%        3-12/arc  1%          2
h - Portal Projectile     Hex/Tloc       100%       N/A       1%          3
i - Summon Guardian Gole  Hex/Summ       66%        N/A       1%          3
j - Ice Form              Ice/Tmut       66%        N/A       1%          4
k - Manifold Assault      Tloc           66%        N/A       1%          5
Your spell library was empty.

Dungeon Overview and Level Annotations

Branches:
Dungeon (12/15)            Temple (1/1) D:4            Lair (0/5) D:10
    Orc (0/2) D:9

Altars:
Ashenzari
Dithmenos
Elyvilon
Fedhas
Gozag
Hepliaklqana
Makhleb
Nemelex Xobeh
Qazlal
Ru
Uskayaw
Wu Jian
Xom
Yredelemnul
Zin

Shops:
D:7 :   D:11 :


Innate Abilities, Weirdness & Mutations

You are immune to sickness and miasma.
You are immune to poison.
Your flesh is very heat resistant. (rF++)
You are vulnerable to cold. (rC-)
You float through the air rather than walking.
You learn spells naturally, not from books.
Your magical power is your life essence.
You have superior vitality. (+4 MHP)


Message History

The slime creature is knocked back by the mystic blast.
The slime creature collides with the slime creature!
The slime creature is almost dead. x2
The mystic blast hits the cyclops!
The cyclops is severely wounded.
A slime creature comes into view.
The cyclops hits you!!
* * * LOW HITPOINT WARNING * * *
Casting: Iskenderun's Mystic Blast (safe; 1% risk of failure)
Confirm with . or Enter, or press ? or * to list all spells.
You erupt in a blast of force!
The mystic blast hits the cyclops!
The cyclops is severely wounded.
The cyclops is knocked back by the mystic blast.
The cyclops slams into the rock wall!
The cyclops is almost dead.
* * * LOW HITPOINT WARNING * * *
A slime creature merges with something you can't see.
Casting: Iskenderun's Mystic Blast (safe; 1% risk of failure)
Confirm with . or Enter, or press ? or * to list all spells.
Aiming: Fulminant Prism (safe; 1% risk of failure)
Press: ? - help, Dir - move target You conjure a prism of explosive energy!
* * * LOW HITPOINT WARNING * * *
A fulminant prism comes into view.
Casting: Fulminant Prism (safe; 1% risk of failure)
Confirm with . or Enter, or press ? or * to list all spells.
You erupt in a blast of force!
The mystic blast hits the cyclops.
You kill the cyclops!
The mystic blast hits the slime creature!
The slime creature is severely wounded.
The slime creature is knocked back by the mystic blast.
The slime creature collides with your fulminant prism!
Your fulminant prism is lightly damaged.
The slime creature is severely wounded.
The mystic blast hits the slime creature!
The slime creature is almost dead.
The slime creature is knocked back by the mystic blast.
The slime creature slams into the rock wall!
You kill the slime creature!
* * * LOW HITPOINT WARNING * * *
A slime creature merges with something you can't see.
A slime creature comes into view.
Your fulminant prism crackles loudly.
Your Fighting skill increases to level 11!
Your Stealth skill increases to level 3!
Casting: Iskenderun's Mystic Blast (safe; 1% risk of failure)
Confirm with . or Enter, or press ? or * to list all spells.
You erupt in a blast of force!
The mystic blast hits the slime creature!
You kill the slime creature!
The mystic blast hits the slime creature!
The slime creature is almost dead.
The slime creature is knocked back by the mystic blast.
The slime creature collides with your fulminant prism!
Your fulminant prism is heavily damaged.
You kill the slime creature!
The mystic blast hits the large slime creature!
The large slime creature is heavily wounded.
The large slime creature is knocked back by the mystic blast.
The large slime creature slams into the rock wall!
The large slime creature is heavily wounded.
* * * LOW HITPOINT WARNING * * *
Your fulminant prism explodes!
The blast of energy engulfs the slime creature!!
The slime creature is almost dead.
The blast of energy engulfs the large slime creature!!
The large slime creature is severely wounded.
The blast of energy engulfs the slime creature!!
The slime creature is heavily wounded.
The blast of energy engulfs the large slime creature.
The large slime creature is moderately wounded.
Casting: Iskenderun's Mystic Blast (safe; 1% risk of failure)
Confirm with . or Enter, or press ? or * to list all spells.
You erupt in a blast of force!
The mystic blast hits the large slime creature!
The large slime creature is severely wounded.
The large slime creature is knocked back by the mystic blast.
The large slime creature slams into the rock wall!
The large slime creature is almost dead.
The mystic blast hits the slime creature!
You kill the slime creature!
The mystic blast hits the large slime creature!
The large slime creature is heavily wounded.
The large slime creature is knocked back by the mystic blast.
The large slime creature collides with the large slime creature!
The large slime creature is almost dead.
The large slime creature is heavily wounded.
* * * LOW HITPOINT WARNING * * *
A slime creature merges with something you can't see.
Press: ? - help, v - describe, . - travel The floor.
Casting: Iskenderun's Mystic Blast (safe; 1% risk of failure)
Confirm with . or Enter, or press ? or * to list all spells.
Aiming: Fulminant Prism (safe; 1% risk of failure)
Press: ? - help, Dir - move target You conjure a prism of explosive energy!
* * * LOW HITPOINT WARNING * * *
A fulminant prism comes into view.
The large slime creature hits you!!
You die...

####..)## ###..#
######'##
#.......###
#.......'.#
#.......#.#
#.......#.#
+.......#.#
#.......#@#
#.......#.JJ*....
#.......###J.....
######### ######


You could see 2 large slime creatures, a slime creature and a friendly fulminant
prism.

Vanquished Creatures
  3 hydras
  2 boulder beetles (D:11)
  Erica (D:9)
  A two-headed ogre (D:11)
  Urug (D:11)
  2 cyclopes
  Maurice (D:11)
  A gargoyle (D:10)
  Maggie (D:8)
  A komodo dragon (D:10)
  A freezing wraith (D:9)
  Psyche (D:10)
  A troll (D:12)
  A hornet (D:9)
  Grinder (D:3)
  10 slime creatures
  2 shadows (D:11)
  A vampire (D:10)
  A human (D:9)
  3 wyverns (D:10)
  25 yaks
  The ghost of plokij the Chopper, an amateur MiFi (D:5)
  2 wraiths (D:9)
  2 steam dragons
  6 water moccasins
  4 orc warriors
  2 ice beasts
  4 black bears
  3 wolves (D:10)
  3 ogres
  A phantom (D:5)
  8 centaurs
  3 bullfrogs
  A kobold brigand (D:7)
  A gnoll sergeant (D:8)
  3 necrophages (D:6)
  2 scorpions
  7 wights
  5 killer bees (D:8)
  6 howler monkeys
  5 electric eels
  8 orc priests
  A jelly (D:6)
  Crazy Yiuf (D:3)
  3 hounds
  5 iguanas
  19 orc wizards
  Ijyb (D:3)
  6 gnolls
  9 adders
  A white imp (D:7)
  3 ufetubi
  3 dart slugs
  63 orcs
  13 endoplasms
  6 giant cockroaches
  7 hobgoblins
  9 jackals
  9 kobolds
  3 quokkas
  6 ball pythons
  3 bats
  2 frilled lizards
  4 goblins
  2 goblin skeletons (D:9)
  7 rats
324 creatures vanquished.

Vanquished Creatures (others)
  An orc (D:8)
  73 fulminant prisms
  4 fungi (D:10)
  15 plants
93 creatures vanquished.

Grand Total: 417 creatures vanquished

Notes
Turn   | Place    | Note
-------+----------+-------------------------------------------
     0 | D:1      | RascalDebosk the Djinni Conjurer began the quest for the
                  | Orb.
     0 | D:1      | RascalDebosk set off with the following spells memorised:
                  | Magic Dart, Searing Ray, Dazzling Flash, Fulminant Prism,
                  | Iskenderun's Mystic Blast.
     0 | D:1      | Reached XP level 1. HP: 15/15 MP: 0/0
   326 | D:1      | Reached XP level 2. HP: 19/22 MP: 0/0
   575 | D:1      | Reached skill level 1 in Fighting
   949 | D:1      | Reached XP level 3. HP: 25/27 MP: 0/0
   949 | D:1      | Learned a level 1 spell: Slow
  1889 | D:2      | You are sucked into a shaft and drop 1 floor!
  1964 | D:3      | Reached XP level 4. HP: 29/32 MP: 0/0
  1995 | D:3      | Reached skill level 4 in Spellcasting
  2360 | D:3      | Found a glowing silver altar of Zin.
  2360 | D:3      | Found a burning altar of Makhleb.
  2365 | D:3      | Reached XP level 5. HP: 31/38 MP: 0/0
  2365 | D:3      | Learned a level 2 spell: Static Discharge
  2422 | D:3      | Noticed a green death
  2422 | D:3      | Noticed an angel
  2486 | D:3      | Found a white marble altar of Elyvilon.
  2543 | D:3      | Noticed Ijyb
  2549 | D:3      | Killed Ijyb
  2927 | D:3      | Reached XP level 6. HP: 43/45 MP: 0/0
  2954 | D:3      | Noticed Grinder
  2969 | D:3      | Killed Grinder
  2970 | D:3      | Reached skill level 5 in Spellcasting
  2970 | D:3      | Reached XP level 7. HP: 17/50 MP: 0/0
  2970 | D:3      | Learned a level 3 spell: Portal Projectile
  3266 | D:3      | Found a runed translucent door.
  3267 | D:3      | Noticed Crazy Yiuf
  3395 | D:3      | Killed Crazy Yiuf
  3719 | D:4      | Found a shadowy altar of Dithmenos.
  4096 | D:4      | Found a staircase to the Ecumenical Temple.
  4105 | Temple   | Entered the Ecumenical Temple
  4114 | Temple   | Became a worshipper of Ashenzari the Shackled
  4742 | D:5      | Entered Level 5 of the Dungeon
  4869 | D:5      | Reached XP level 8. HP: 52/58 MP: 0/0
  5011 | D:5      | Noticed plokij's ghost (amateur MiFi)
  5012 | D:5      | Found a transporter.
  5012 | D:5      | Identified the +11 great mace "Ucvuqyl" {vorpal, +Blink rC-
                  | Int+3}
  5041 | D:5      | Identified the +1 ring mail "Kiympuz" {+Inv rElec rC+
                  | Will-}
  5070 | D:5      | Reached skill level 6 in Spellcasting
  5571 | D:5      | Found a transporter.
  6048 | D:5      | Reached skill level 5 in Fighting
  6048 | D:5      | Reached skill level 1 in Armour
  6354 | D:6      | Reached XP level 9. HP: 56/65 MP: 0/0
  6354 | D:6      | Learned a level 3 spell: Summon Guardian Golem
  6493 | D:6      | Reached skill level 7 in Spellcasting
  8019 | D:7      | Identified the +1 ring mail "Qadd" {Fly rF+ rC+++ Dex-4}
  8319 | D:7      | Reached skill level 8 in Spellcasting
  8324 | D:7      | Reached XP level 10. HP: 26/73 MP: 0/0
  8781 | D:7      | Reached skill level 5 in Dodging
  9309 | D:7      | Found Zuapri's Book Shoppe.
  9334 | D:7      | Found an opulent altar of Gozag.
  9535 | D:8      | Noticed Maggie
  9545 | D:8      | Killed Maggie
  9833 | D:8      | HP: 3/75 [electric eel/bolt of electricity (10)]
 10583 | D:8      | Found a large runed translucent door.
 10583 | D:8      | Found a large runed translucent door.
 10652 | D:8      | Reached skill level 9 in Spellcasting
 10666 | D:8      | Identified the +0 ring mail of Peek-a-Boo {Fly Str+2 Dex+4
                  | Slay+2}
 10813 | D:8      | Reached skill level 5 in Armour
 11314 | D:8      | Found a stormy altar of Qazlal.
 11324 | D:8      | Found a sacrificial altar of Ru.
 11448 | D:9      | Noticed Erica
 11461 | D:9      | Reached XP level 11. HP: 38/81 MP: 0/0
 11461 | D:9      | Learned a level 4 spell: Ice Form
 11467 | D:9      | Killed Erica
 11468 | D:9      | Reached skill level 10 in Spellcasting
 11969 | D:9      | Found a hide-covered altar of Uskayaw.
 11998 | D:9      | Found a runed translucent door.
 12003 | D:9      | Found a basalt altar of Yredelemnul.
 12076 | D:9      | Noticed a seven-headed hydra
 12092 | D:9      | HP: 2/82 [seven-headed hydra (4)]
 12107 | D:9      | Killed a seven-headed hydra
 12951 | D:9      | Found a staircase to the Orcish Mines.
 13069 | D:9      | Noticed a five-headed hydra
 13069 | D:9      | Noticed a cyclops
 13076 | D:9      | Killed a five-headed hydra
 13077 | D:9      | Reached skill level 1 in Evocations
 13080 | D:9      | Killed a cyclops
 13596 | D:5      | Killed plokij's ghost
 13786 | D:10     | Entered Level 10 of the Dungeon
 14032 | D:10     | Noticed Psyche
 14038 | D:10     | Killed Psyche
 14039 | D:10     | Reached skill level 11 in Spellcasting
 14067 | D:10     | Reached XP level 12. HP: 56/91 MP: 0/0
 14528 | D:10     | Found a staircase to the Lair.
 14678 | D:10     | Reached skill level 10 in Fighting
 15570 | D:11     | Noticed Urug
 15570 | D:11     | Noticed a boulder beetle
 15579 | D:11     | Killed Urug
 15580 | D:11     | Killed a boulder beetle
 15916 | D:11     | Found Ikel's Book Boutique.
 15946 | D:11     | Noticed a boulder beetle
 15964 | D:11     | Killed a boulder beetle
 16319 | D:11     | Noticed Maurice
 16322 | D:11     | Killed Maurice
 16446 | D:11     | Noticed a +0 dagger
 16446 | D:11     | Noticed a +0 spear
 16446 | D:11     | Noticed a +0 short sword
 16446 | D:11     | Noticed a +0 dagger
 16446 | D:11     | Noticed a +0 falchion
 16446 | D:11     | Noticed a +0 spear
 16447 | D:11     | Noticed a +0 falchion
 16447 | D:11     | Noticed a two-headed ogre
 16448 | D:11     | Noticed a +0 short sword
 16456 | D:11     | Killed a two-headed ogre
 16457 | D:11     | Reached skill level 12 in Spellcasting
 16457 | D:11     | Reached skill level 5 in Evocations
 16497 | D:11     | Found a hide-covered altar of Uskayaw.
 17253 | D:12     | Reached XP level 13. HP: 56/98 MP: 0/0
 17253 | D:12     | Learned a level 5 spell: Manifold Assault
 17504 | D:12     | Noticed a six-headed hydra
 17515 | D:12     | Killed a two-headed hydra
 17963 | D:12     | Identified the ring "Jacizxye" {Fire Str+4}
 18025 | D:12     | Demolished by a large slime creature

Illustrated notes

Levels and vault maps discovered:
D:1:      spicycebolla_arrival_ecumenical, layout_basic, minmay_misc_feat_five
D:2:      layout_loops_corners
D:3:      kennysheep_six_static_rooms, layout_rooms,
          grunt_temple_overflow_order_and_chaos_2, elyvilon_altar_5, uniq_ijyb,
          uniq_grinder, uniq_crazy_yiuf_cottage
D:4:      nicolae_cairo_tiling_very_big, layout_basic,
          nicolae_dithmenos_the_darkroom, minmay_temple_entry_gardened_gates,
          wad_floor_pattern_1
D:5:      layout_basic, gammafunk_ghost_smash, chequers_arboretum
D:6:      layout_basic, kennysheep_cluttered_room
D:7:      layout_basic, amcnicky_altar_gilded, serial_shops,
          nicolae_stop_n_shop_1
D:8:      layout_basic, jmf_multi_god_temple2, water_maze_lemuel, uniq_maggie
D:9:      minmay_tri_box, layout_rooms, lemuel_tele_altar,
          dk_yredelemnul_ordeal, hiddenorc2_lemuel, uniq_erica
D:10:     layout_stronghold, minmay_lair_entry_grove, serial_bayou_pond_c,
          minmay_crystal_room, uniq_psyche
D:11:     layout_roguey, serial_shops, shop, hangedman_abyss_or_decor_stabs,
          nicolae_uskayaw_en_pointe, uniq_maurice, uniq_urug
D:12:     layout_roguey
Temple:   nicolae_temple_ecumenical_triangle

Skill      XL: |  1  2  3  4  5  6  7  8  9 10 11 12 13 |
---------------+----------------------------------------+-----
Fighting       | 1 2 3 4 5 6 8 9 10 11 | 11.0
Spellcasting   | 4 5 6 8 9 11 12 | 12.4
Dodging        | 3 4 5 |  5.0
Armour         | 2 4 5 |  5.0
Evocations     | 2 5 |  5.0
Stealth        | 2 3 |  3.2

Action                   |  1- 3 |  4- 6 |  7- 9 | 10-12 | 13-15 || total
-------------------------+-------+-------+-------+-------+-------++-------
Melee: Long sword        |       |       |    50 |     2 |       ||    52
       Punch             |       |       |     1 |       |       ||     1
       Scimitar          |       |       |       |    16 |     8 ||    24
 Cast: Magic Dart        |    68 |    51 |   176 |   193 |       ||   488
       Iskenderun's Myst |       |     8 |    34 |   133 |    11 ||   186
       Fulminant Prism   |       |     2 |     7 |    62 |     3 ||    74
       Searing Ray       |       |     2 |    10 |    13 |       ||    25
       Static Discharge  |       |     1 |       |       |       ||     1
       Slow              |       |       |     1 |       |       ||     1
       Summon Guardian G |       |       |       |     2 |     1 ||     3
       Manifold Assault  |       |       |       |       |     4 ||     4
       Ice Form          |       |       |       |       |     1 ||     1
  Use: Scroll            |       |       |     4 |    25 |       ||    29
       Potion            |       |       |       |     2 |       ||     2
Armor: Robe              |       |     1 |     6 |       |       ||     7
       Leather armour    |       |       |    21 |     2 |       ||    23
       Acid dragon scale |       |       |       |    21 |     5 ||    26
Dodge: Dodged            |     1 |     6 |    62 |    38 |     5 ||   112
Block: Other             |       |       |       |    19 |     2 ||    21
       Reflection        |       |       |       |     6 |       ||     6
